[Event "III Menorca Open-A 2024"]
[Site "Ciutadella Menorca"]
[Date "2024.04.03"]
[Round "2.10"]
[White "Aryan Chopra"]
[Black "Kalogeris, Ioannis"]
[Result "1-0"]
[ECO "C54"]
[WhiteElo "2630"]
[BlackElo "2427"]
[Annotator "TA"]
[PlyCount "87"]
[EventDate "2024.04.02"]
[EventType "swiss"]
[EventCountry "ESP"]
[SourceTitle "playchess.com"]
[Source "ChessBase"]
[SourceQuality "1"]
[TimeControl "5400+30"]

1. e4 e5 2. Nf3 Nc6 3. Bc4 Bc5 4. c3 Nf6 5. d3 d6 6. O-O O-O 7. h3 a5 8. Re1 Ba7 9. Na3 Ne7 {[%emt 0:02:05] The position is equal.} 10. d4 Ng6 11. Be3 c6 12. Bd3 (12. dxe5 {seems wilder.} dxe5 13. Qxd8 Rxd8 14. Rad1) 12... Re8 13. Qc2 b5 14. Rad1 Qe7 15. Nb1 Nh5 (15... a4 $11) 16. Nbd2 Ngf4 17. Bf1 g5 (17... Ng6 $1 $14) 18. Nh2 (18. a4 $142) 18... Nf6 ({Better is} 18... h6) 19. Ndf3 h6 20. c4 bxc4 21. Bxc4 Kh8 22. Bb3 Bd7 23. Ba4 Rec8 24. a3 Ng6 25. dxe5 dxe5 26. Bxa7 Rxa7 27. Qc3 Rg8 28. Nd2 (28. Bxc6 $2 Rc7 29. Rxd7 Nxd7 $19) 28... Kh7 (28... c5 $14 29. Bxd7 Rxd7) 29. Nc4 (29. Bxc6 $2 Rc8 30. Qe3 Bxc6 $19) (29. Nhf3 $16) 29... g4 $14 30. hxg4 Bxg4 {[%emt 0:01:13] [#]} ({Black should play} 30... Nxg4 $14 31. g3 (31. Nxa5 $2 Nxh2 32. g3 Qf6 $19) 31... Nxh2 32. Kxh2 Qe6 33. Rxd7 (33. Nxa5 $2 Qh3+ 34. Kg1 Nh4 35. Nxc6 Qg2#) 33... Rxd7) 31. Rd2 (31. Rc1 $1 $16) 31... Rg7 ({Black should try} 31... Rd7 $1 $14) 32. g3 $36 {[%emt 0:01:10][%mdl 2048] Black is under strong pressure.} (32. Bxc6 Rc7 33. Bd5 (33. Nxa5 Bd7 $11) 33... a4 $16) 32... Ra8 (32... Rd7 $16 33. Bxc6 Rxd2 34. Qxd2 (34. Nxd2 Nf4 $16) 34... Be6) 33. Nd6 {[%emt 0:01:16][%cal Oh2g4] Hoping for Nxg4!} ({Don't play} 33. Nxa5 Qa7 $18) 33... Qa7 $2 (33... Nh4 {was called for.} 34. Nc4 (34. gxh4 Rd8 $15) 34... Rag8 35. Bxc6 (35. gxh4 $2 {leads to mate.} Bf3+) 35... Be6) 34. Bxc6 Rb8 35. Nxg4 Nxg4 36. Nf5 {[%emt 0:00:07][%cal Oc3f3] Strongly threatening Qf3! Active counter play!} Rgg8 37. Qf3 Nf4 38. gxf4 Nxf2+ 39. Kh2 Ng4+ 40. Kh1 exf4 41. Rg2 h5 42. Bd5 {[%emt 0:00:32][%cal Of3h3] aiming for Qh3!} Rg5 43. Qxf4 Rbg8 {[%emt 0:00:09] [#]} 44. Rxg4 $1 {[%emt 0:01:06] Weighted Error Value: White=0.14 (very precise) /Black=0.74.  Mistake:       	White=3     	Black=8      Inaccurate:     	White=3     	Black=4      OK:         	White=12    	Black=9      Best:        	White=4     	Black=1} 1-0

[Event "III Menorca Open-A 2024"]
[Site "Ciutadella Menorca"]
[Date "2024.04.03"]
[Round "2.11"]
[White "De Winter, Arthur"]
[Black "Dardha, Daniel"]
[Result "0-1"]
[ECO "C77"]
[WhiteElo "2413"]
[BlackElo "2628"]
[Annotator "TA"]
[PlyCount "96"]
[EventDate "2024.04.02"]
[EventType "swiss"]
[EventCountry "ESP"]
[SourceTitle "playchess.com"]
[Source "ChessBase"]
[SourceQuality "1"]
[TimeControl "5400+30"]

1. e4 e5 2. Nf3 Nc6 3. Bb5 Nf6 4. d3 d6 5. c3 a6 6. Ba4 g6 7. O-O Bg7 8. Nbd2 O-O 9. Re1 Re8 10. Nf1 h6 11. h3 d5 {[%emt 0:03:56] The position is equal.} 12. Bd2 b5 13. Bc2 Rb8 14. a4 b4 15. a5 bxc3 16. bxc3 Bb7 17. Ne3 dxe4 18. dxe4 Na7 19. Nc4 Nd7 20. Qc1 Kh7 21. h4 Nb5 22. Ne3 ({White should try} 22. Qd1 $11) 22... Nc5 $15 23. Ng4 {[%emt 0:04:43] White is on the road to losing.} (23. h5 $15) 23... h5 $17 24. Ne3 f6 {[%emt 0:03:10] Black has more active pieces.} 25. c4 Nd4 26. Nxd4 (26. Nd5 $17 {is a better defense.}) 26... exd4 $19 27. Nd5 d3 28. Be3 Bxd5 (28... Nxe4 29. Bxd3 Bxd5 30. cxd5 $11) 29. exd5 (29. cxd5 $142 dxc2 (29... Nxe4 30. Bxd3 f5 31. Qc6 $11) 30. Bxc5) 29... dxc2 30. Bxc5 f5 31. Qxc2 Bxa1 32. Rxa1 Qxh4 33. d6 cxd6 34. Bxd6 Qd4 35. Rd1 (35. Qd1 {was forced.} Qxd1+ (35... Qxc4 36. Rc1 $11) 36. Rxd1) 35... Rb2 {[%emt 0:00:36] Hoping for ...Re1+.} 36. Rxd4 Rxc2 {[%emt 0:00:14][%mdl 4096] Endgame. KRR-KRB} 37. Bf4 Re1+ 38. Kh2 Re4 ({Less strong is} 38... Rxf2 39. Rd7+ (39. Bg3 Ref1 $17) 39... Kg8 40. Bg3 $15) 39. Rd7+ Kh8 40. Be3 Rexc4 {[%emt 0:01:02] White must now prevent ...Rh4+.} 41. Bb6 $2 (41. g3) 41... Rh4+ 42. Kg3 Rg4+ 43. Kh3 Rc1 44. g3 {[%emt 0:01:24] [#]} h4 $1 45. Ra7 (45. Rd4 Rxd4) 45... Rc3 46. Bc7 {[%emt 0:00:35] Threatens to win with Be5+.} hxg3 47. Be5+ Kg8 48. Bxc3 {[%emt 0:00:12] [#]} (48. Bxg3 $19 Rc6 49. Rd7) 48... gxf2 {[%emt 0:00:36] Weighted Error Value: White=0.53/Black=0.16 (very precise) .  Mistake:       	White=7     	---        Inaccurate:     	White=2     	Black=2      OK:         	White=9     	Black=17     Best:        	White=2     	Black=6} 0-1

[Event "III Menorca Open-A 2024"]
[Site "Ciutadella Menorca"]
[Date "2024.04.03"]
[Round "2.12"]
[White "Chigaev, Maksim"]
[Black "Sanchez Alvarez, Roberto Carlos"]
[Result "1-0"]
[ECO "A13"]
[WhiteElo "2617"]
[BlackElo "2407"]
[Annotator "RC"]
[PlyCount "57"]
[EventDate "2024.04.02"]
[EventType "swiss"]
[EventCountry "ESP"]
[SourceTitle "playchess.com"]
[Source "ChessBase"]
[SourceQuality "1"]
[TimeControl "5400+30"]

1. c4 e6 2. g3 d5 3. Bg2 dxc4 4. Qa4+ Nd7 5. Qxc4 a6 6. Qc2 Ngf6 7. Nf3 c5 8. O-O Qc7 9. Nc3 b6 10. d4 Bb7 11. Bf4 Bd6 12. Bxd6 Qxd6 13. Rfd1 O-O 14. e4 cxd4 15. Rxd4 Qc7 16. Rad1 Rac8 17. Qe2 Nc5 18. Ne1 Rfd8 19. e5 Rxd4 20. Rxd4 Bxg2 21. exf6 Bb7 22. Qg4 g6 23. Qg5 Qc6 24. f3 e5 25. Nd5 Ne6 26. Ne7+ Kh8 27. Nxc6 Nxg5 28. Nxe5 h5 29. Rd7 1-0

[Event "III Menorca Open-A 2024"]
[Site "Ciutadella Menorca"]
[Date "2024.04.03"]
[Round "2.13"]
[White "Jin, Yueheng"]
[Black "Karthik Venkataraman"]
[Result "0-1"]
[ECO "D11"]
[WhiteElo "2407"]
[BlackElo "2609"]
[Annotator "TA"]
[PlyCount "78"]
[EventDate "2024.04.02"]
[EventType "swiss"]
[EventCountry "ESP"]
[SourceTitle "playchess.com"]
[Source "ChessBase"]
[SourceQuality "1"]
[TimeControl "5400+30"]

1. d4 d5 2. c4 c6 3. Nf3 Nf6 4. g3 dxc4 5. Bg2 g6 6. Ne5 {[%emt 0:03:52][%mdl 1024] White has compensation.} Be6 7. Na3 Bd5 8. f3 {[%emt 0:00:37][%cal Oe2e4] The position is equal.} b5 9. Bh3 (9. e4 $11) 9... Bg7 10. e4 Be6 $36 {[%emt 0:00:20][%mdl 2048] Black is pushing.} (10... O-O 11. exd5 Nxd5 12. f4 $16) 11. Bxe6 fxe6 12. Be3 Qa5+ 13. Qd2 Qxd2+ 14. Kxd2 Nfd7 15. Nxd7 Nxd7 16. e5 O-O 17. Raf1 Rad8 18. Kc1 (18. Ke2 $15) 18... Nb6 19. f4 {[%emt 0:00:21] [#]} g5 20. fxg5 $11 Nd5 21. Bd2 Rc8 22. Nc2 Rfd8 23. Re1 Rd7 24. Re4 c5 25. Bf4 (25. dxc5 $11 c3 (25... Rxc5 26. Rd1 $15) 26. Bxc3 (26. bxc3 Rxc5 27. Rd1 a5 $15) 26... Nxc3 27. bxc3 Rxc5 28. Rd4) 25... c3 $15 {[%emt 0:07:47] Black is more active.} 26. b3 a5 (26... c4 $1 $15 27. Kb1 a5) 27. dxc5 $1 $11 Rxc5 28. Rd1 b4 29. Red4 ({White should try} 29. Rc4 $14 Rdc7 30. Rxc5 Rxc5 31. h4) 29... Ra7 30. h4 a4 31. Nxb4 (31. bxa4 $11 {keeps the balance.} Rxa4 32. a3) 31... axb3 $17 32. axb3 {[%emt 0:00:01] [#]} Bxe5 $1 (32... Rb5 33. Nxd5 exd5 34. Rxd5 Rxb3 35. Kc2 $18) 33. Bxe5 {[%emt 0:00:36][%mdl 8192] Loses the game.} (33. Rxd5 $17 {nothing else works.} Bxf4+ 34. gxf4 exd5 35. Rxd5) 33... Ra1+ $19 {[%emt 0:00:06] Black is clearly winning.} 34. Kc2 Ne3+ 35. Kd3 Rxd1+ 36. Ke2 Rd2+ 37. Rxd2 cxd2 38. Kxd2 Rxe5 39. Nd3 Nf1+ {[%emt 0:00:07] Weighted Error Value: White=0.46/Black=0.16 (very precise) .  Loses game:     	White=1     	---        Mistake:       	White=5     	Black=2      Inaccurate:     	White=3     	Black=2      OK:         	White=8     	Black=13     Best:        	White=3     	Black=4      Strong:       	White=1     	Black=1} 0-1

[Event "III Menorca Open-A 2024"]
[Site "Ciutadella Menorca"]
[Date "2024.04.03"]
[Round "2.14"]
[White "Yuffa, Daniil"]
[Black "Tutisani, Noe"]
[Result "1/2-1/2"]
[ECO "E94"]
[WhiteElo "2606"]
[BlackElo "2405"]
[Annotator "TA"]
[PlyCount "108"]
[EventDate "2024.04.02"]
[EventType "swiss"]
[EventCountry "ESP"]
[SourceTitle "playchess.com"]
[Source "ChessBase"]
[SourceQuality "1"]
[TimeControl "5400+30"]

1. Nf3 Nf6 2. c4 g6 3. Nc3 Bg7 4. e4 d6 5. d4 O-O 6. Be2 e5 7. O-O Bg4 8. d5 a5 9. Be3 Na6 10. a3 Bd7 11. Nd2 {[%emt 0:00:31] White has an edge.} h5 12. h3 {[%emt 0:00:35] Inhibits Ng4.} Kh7 ({Black should play} 12... Nh7 $14) 13. Rb1 Bh6 14. Bxh6 Kxh6 15. b4 axb4 16. axb4 Qe7 17. Nf3 Kg7 18. Qd2 Rfe8 19. Rfd1 Nh7 {[%emt 0:06:08] [#]} 20. c5 dxc5 $14 21. d6 cxd6 22. Bxa6 Rxa6 23. bxc5 Bc6 24. cxd6 Qd7 25. Nd5 (25. Qb2 $14) 25... Qxd6 $11 26. Qb2 Qb8 27. Nb4 {[%emt 0:08:31] Excellent horsemanship.} Rb6 28. Nxc6 Rxb2 29. Nxb8 Rxb1 30. Rxb1 Rxb8 31. Nxe5 {[%emt 0:00:23][%mdl 4096] Endgame. KRN-KRN} Nf6 {[%emt 0:08:27] Repels Nd7} 32. f3 b5 33. Nc6 Rb6 34. Nd4 b4 35. Rb3 h4 36. Nc2 Rd6 37. Nxb4 Rd1+ 38. Kf2 Rd2+ 39. Ke3 Rxg2 40. Nd3 Rg3 41. Rb7 Nh7 {[%emt 0:00:05][%cal Oh7g5] Black wants to play ...Ng5!} 42. Ke2 Ng5 43. Ne5 Rxh3 44. f4 Nxe4 {[%emt 0:00:10] Threatens to win with ...Rg3.} 45. Nxf7 (45. Rxf7+ $11 {remains equal.} Kg8 46. Rc7) 45... Kf6 $17 {[%emt 0:00:27] [#] ...Rg3 would now be deadly.} 46. Ne5 Rg3 {[%emt 0:00:12] aiming for ...h3.} 47. Rf7+ Ke6 48. Rh7 h3 {[%emt 0:00:16] And now ...g5 would win.} 49. Nxg6 Rxg6 {[%emt 0:01:11] Black is better.} 50. Rxh3 $15 {[%emt 0:00:15] KRN-KR} Rg8 51. Rh7 Nf6 52. Ra7 Rb8 53. f5+ Kxf5 54. Rf7 Ke5 {[%emt 0:15:25] Weighted Error Value: White=0.11 (very precise) /Black=0.05 (flawless) .  Mistake:       	White=3     	Black=1      Inaccurate:     	White=2     	Black=3      OK:         	White=16    	Black=27     Best:        	White=4     	Black=3} 1/2-1/2

[Event "III Menorca Open-A 2024"]
[Site "Ciutadella Menorca"]
[Date "2024.04.03"]
[Round "2.15"]
[White "Vantika Agrawal"]
[Black "Albornoz Cabrera, Carlos Daniel"]
[Result "0-1"]
[ECO "E04"]
[WhiteElo "2398"]
[BlackElo "2603"]
[Annotator "TA"]
[PlyCount "64"]
[EventDate "2024.04.02"]
[EventType "swiss"]
[EventCountry "ESP"]
[SourceTitle "playchess.com"]
[Source "ChessBase"]
[SourceQuality "1"]
[TimeControl "5400+30"]

1. d4 Nf6 2. c4 e6 3. Nf3 d5 4. g3 dxc4 5. Bg2 a6 6. O-O b5 7. Ne5 Nd5 $1 8. b3 cxb3 9. Qxb3 Bb7 10. Bb2 {[%emt 0:08:30] White has an edge.} Be7 11. Rc1 O-O 12. a4 Nd7 13. axb5 Nxe5 14. bxa6 Bxa6 15. dxe5 Rb8 16. Qc2 Nb4 17. Qxc7 Bxe2 {[%emt 0:00:00] [#] Hoping for ...Nd3.} 18. Qxd8 Rfxd8 19. Nc3 (19. Ba3 $11) 19... Nd3 $1 $36 {[%emt 0:00:00][%csl LRb2,LRc1,LRe5][%mdl 2048] Black has strong initiative.} 20. Rc2 Bh5 21. Na4 Bg6 {[%emt 0:00:00][%cal Od3c5] ...Nc5! is the strong threat. Black has more active pieces.} 22. Rc7 Bb4 23. Bf1 h5 24. Rd1 Ba5 25. Rc2 Rb4 26. Bxd3 $4 {[%emt 0:00:28][%mdl 8192] [#] Loses the game.} (26. Ra1 $17 {nothing else works.}) 26... Rxa4 $19 {[%emt 0:00:00] Black is clearly winning.} ({Weaker is} 26... Rxd3 27. Rc8+ Kh7 28. Ra1 $17) 27. Bc3 Rxd3 28. Rxd3 Bxd3 29. Rd2 Bxc3 30. Rxd3 Bxe5 31. h4 Bd4 32. Kg2 e5 {[%emt 0:00:00] Weighted Error Value: White=0.54/Black=0.04 (flawless) .  Loses game:     	White=1     	---        Mistake:       	White=1     	---        Inaccurate:     	White=1     	---        OK:         	White=5     	Black=8      Best:        	---       	Black=1      Strong:       	---       	Black=1} 0-1

[Event "III Menorca Open-A 2024"]
[Site "Ciutadella Menorca"]
[Date "2024.04.03"]
[Round "2.16"]
[White "Pranav Vijay"]
[Black "Shohat, Yotam"]
[Result "1/2-1/2"]
[ECO "B72"]
[WhiteElo "2252"]
[BlackElo "2398"]
[Annotator "TA"]
[PlyCount "95"]
[EventDate "2024.04.02"]
[EventType "swiss"]
[EventCountry "ESP"]
[SourceTitle "playchess.com"]
[Source "ChessBase"]
[SourceQuality "1"]
[TimeControl "5400+30"]

1. e4 c5 2. Nf3 g6 3. d4 cxd4 4. Nxd4 Nf6 5. Nc3 d6 6. Be3 Nc6 7. f3 {[%emt 0:01:39] Against Ng4} h5 8. Bc4 Bd7 {[%emt 0:00:07] White is slightly better.} 9. Bb3 Bg7 10. Qd3 Na5 11. O-O O-O 12. h3 a6 13. f4 Nxb3 14. axb3 Rc8 15. e5 ({Better is} 15. f5 $16) 15... dxe5 16. fxe5 Ne8 17. Qe4 {[%emt 0:02:24][%cal Oa1d1] Black must now prevent Rad1!} Bc6 $1 18. Nxc6 Rxc6 19. Rad1 Qb8 20. Bf4 $36 {[%emt 0:02:20][%mdl 2048] White fights for an advantage.} e6 (20... Re6 $11) 21. Rd7 Rc7 22. Rd2 {[%emt 0:06:59] White is much more active. The black rooks are passive.} b5 23. Qe2 Rc5 24. Ne4 Rd5 25. Nf6+ Nxf6 (25... Bxf6 $16 {was called for.} 26. exf6 Nd6 27. Rxd5 exd5) 26. exf6 $18 Qb6+ 27. Qe3 $2 ({Only move:} 27. Be3 $18 Rxd2 28. fxg7 (28. Qxd2 Bh6 $11) 28... Rxe2 29. gxf8=Q+ (29. Bxb6 $2 {too greedy.} Rc8 $19) (29. gxf8=R+ Kxf8 30. Bxb6 Rxc2 $18) 29... Kxf8 30. Bxb6) 27... Qxe3+ $11 28. Bxe3 Bh8 29. Rdf2 Rc8 30. h4 b4 31. Bg5 Rdc5 32. Rd1 Rxc2 33. Rxc2 Rxc2 {[%emt 0:00:02][%mdl 4096] Endgame. KRB-KRB} 34. Rd8+ Kh7 35. Rf8 Rc7 36. Kf2 e5 37. Ke3 {[%emt 0:02:39] [#] aiming for Ke4.} Rc6 38. Ke4 Bxf6 39. Rxf7+ Bg7 40. Kd5 Rb6 41. Bd8 Rb5+ 42. Ke4 {[%emt 0:00:24] [#] Bf6 is the strong threat.} Kg8 43. Ra7 Rb8 44. Bg5 {[%emt 0:03:11][%mdl 1024] White has compensation.} Rb6 {[%emt 0:00:37] The position is equal.} 45. Ra8+ Kh7 46. Ra7 Kg8 47. Ra8+ Kh7 48. Ra7 {[%emt 0:00:16] Weighted Error Value: White=0.13 (very precise) /Black=0.11 (very precise) .  Missed win:     	White=1     	---        Mistake:       	White=1     	Black=2      Inaccurate:     	---       	Black=2      OK:         	White=22    	Black=15     Best:        	---       	Black=1      Strong:       	---       	Black=1} 1/2-1/2

[Event "III Menorca Open-A 2024"]
[Site "Ciutadella Menorca"]
[Date "2024.04.03"]
[Round "2.17"]
[White "Moehn, Hans"]
[Black "Idani, Pouya"]
[Result "*"]
[ECO "D02"]
[WhiteElo "2396"]
[BlackElo "2609"]
[Annotator "ChessBase"]
[PlyCount "60"]
[EventDate "2024.04.02"]
[EventType "swiss"]
[EventCountry "ESP"]
[SourceTitle "playchess.com"]
[Source "ChessBase"]
[SourceQuality "1"]
[TimeControl "5400+30"]

1. Nf3 d5 2. g3 Nc6 3. d4 Bf5 4. Bg2 Nb4 5. Na3 e6 6. c3 Nc6 7. Qa4 a6 8. Ne5 b5 9. Nxc6 bxa4 10. Nxd8 Rxd8 11. e4 Bxe4 12. Bxe4 dxe4 13. Nc4 Nf6 14. b4 Nd5 15. Bb2 a3 16. Nxa3 a5 17. Nc2 axb4 18. c4 Nb6 19. c5 Nc4 20. O-O-O Rb8 21. Na1 Kd7 22. Rhe1 f5 23. Nb3 Be7 24. f3 exf3 25. d5 Bg5+ 26. Kb1 e5 27. Rxe5 Nxb2 28. c6+ Kd8 29. Rf1 Nc4 30. Re6 Rb5 *

[Event "III Menorca Open-A 2024"]
[Site "Ciutadella Menorca"]
[Date "2024.04.03"]
[Round "2.17"]
[White "Moehn, Hans"]
[Black "Idani, Pouya"]
[Result "0-1"]
[ECO "D02"]
[WhiteElo "2396"]
[BlackElo "2609"]
[Annotator "TA"]
[PlyCount "60"]
[EventDate "2024.04.02"]
[EventType "swiss"]
[EventCountry "ESP"]
[SourceTitle "playchess.com"]
[Source "ChessBase"]
[SourceQuality "1"]
[TimeControl "5400+30"]

1. Nf3 d5 2. g3 Nc6 3. d4 Bf5 4. Bg2 Nb4 5. Na3 e6 6. c3 Nc6 7. Qa4 a6 8. Ne5 {[%emt 0:08:58] The position is equal.} b5 9. Nxc6 bxa4 10. Nxd8 Rxd8 {[%emt 0:00:03] [#]} 11. e4 Bxe4 $15 12. Bxe4 dxe4 13. Nc4 Nf6 14. b4 Nd5 15. Bb2 a3 16. Nxa3 a5 17. Nc2 (17. bxa5 $15 Bxa3 18. Bxa3) 17... axb4 $17 {[%emt 0:00:05] Black is more active.} 18. c4 Nb6 19. c5 Nc4 (19... Nd5 $142 20. O-O Be7) 20. O-O-O Rb8 21. Na1 (21. Rhe1 $17) 21... Kd7 22. Rhe1 f5 23. Nb3 Be7 24. f3 exf3 25. d5 $2 (25. Rd3) 25... Bg5+ $19 {[%emt 0:03:38] Black is clearly winning.} 26. Kb1 {[%emt 0:00:54] [#]} e5 27. Rxe5 (27. Bxe5 f2) 27... Nxb2 28. c6+ Kd8 29. Rf1 Nc4 30. Re6 Rb5 {[%emt 0:01:52] Weighted Error Value: White=0.55/Black=0.07 (flawless) .  Mistake:       	White=4     	Black=1      Inaccurate:     	White=4     	Black=2      OK:         	White=6     	Black=11     Best:        	White=1     	Black=2} 0-1

[Event "III Menorca Open-A 2024"]
[Site "Ciutadella Menorca"]
[Date "2024.04.03"]
[Round "2.18"]
[White "Jumabayev, Rinat"]
[Black "Montoliu Cervero, Francisco"]
[Result "1/2-1/2"]
[ECO "D15"]
[WhiteElo "2598"]
[BlackElo "2393"]
[Annotator "TA"]
[PlyCount "141"]
[EventDate "2024.04.02"]
[EventType "swiss"]
[EventCountry "ESP"]
[SourceTitle "playchess.com"]
[Source "ChessBase"]
[SourceQuality "1"]
[TimeControl "5400+30"]

1. d4 d5 2. c4 c6 3. Nf3 Nf6 4. Nc3 a6 5. c5 Bf5 6. Qb3 Qc8 7. Nh4 Bg6 8. Bf4 Nbd7 {[%emt 0:13:31][%cal Oe7e5] White is slightly better.} 9. Na4 Nh5 10. Bd2 Qc7 11. g3 e6 12. Bg2 {[%emt 0:01:19] White is more active.} Be7 13. Nxg6 hxg6 14. O-O O-O 15. Rad1 Rad8 16. e4 dxe4 17. Bxe4 Ndf6 18. Bf3 Nd5 (18... Rxd4 $6 19. Ba5 Qxa5 20. Rxd4 Bxc5 21. Rc4 Bxf2+ 22. Rxf2 $18 (22. Kxf2 b5 $18)) 19. Rfe1 Bf6 20. Re4 Rfe8 (20... Be7 $14) 21. Rde1 (21. Nb6 $16) 21... Be7 22. Qc4 Nhf6 23. R4e2 Kf8 24. Kg2 Ng8 25. h4 Bf6 26. Nc3 Nge7 27. Ne4 Nf5 28. Nxf6 Nxf6 {[%emt 0:06:02] A dynamic duo of knights.} 29. Bc3 Nd5 30. Re5 Re7 31. Qa4 Qb8 32. Rh1 Red7 33. Ree1 Nc7 (33... Re8 $11) 34. h5 $16 g5 35. Re4 (35. Qc2 $16) 35... Nd5 36. Rg4 f6 37. Re4 Re8 38. Rhe1 Rde7 39. Bg4 Qc8 40. Qc2 Nh6 {[%emt 0:00:13] Threatens to win with ...f5.} 41. Bd1 f5 42. R4e2 Nf6 43. Qd2 (43. Bd2 $14) 43... Nf7 $11 44. Bb3 Nxh5 45. Rh1 Nf6 46. Bc4 Qd7 47. Qd3 Nd5 48. Bd2 (48. f3 $15) 48... e5 $1 $17 49. dxe5 Nxe5 (49... Rxe5 $17 50. Rxe5 Nxe5) 50. Rh8+ (50. Bxd5 $1 $15 cxd5 (50... Nxd3 51. Rh8#) 51. Qb3) 50... Kf7 51. Rxe8 Rxe8 52. Bxd5+ (52. Qd4 $17 Nxc4 53. Qxc4) 52... cxd5 $19 53. Qb3 g4 54. Bf4 Nf3 55. Rxe8 Kxe8 {[%emt 0:00:01][%mdl 4096] Endgame. KQB-KQN} 56. Bd6 Qf7 (56... g5 $19 {White must now prevent ...Qh7.} 57. c6 (57. Qxd5 Qh7 $19) 57... bxc6 (57... Qxd6 58. cxb7 Qb8 59. Qxd5 $11) (57... Qxc6 58. Qe3+ Kf7 59. Qe7+ Kg6 60. Qe6+ Kg7 61. Qe7+ Kg6 62. Qe6+ Kg7 63. Qe7+ Kg6 $11)) 57. c6 $2 {[%emt 0:00:45][%mdl 8192] [#]} (57. Qa4+ $17 Qd7 58. Qb3) 57... bxc6 $2 (57... Qh5 $1 $19 58. Qe3+ Kf7 59. Qe7+ Kg8 60. Qd8+ Kh7) 58. Qb8+ $11 Kd7 59. Bc5 ({Better is} 59. Bb4 $11) 59... Qf6 (59... Qe6 $15 60. Qb7+ Ke8 61. Qxg7 d4) 60. Qb7+ Ke8 {[%emt 0:00:02] ...a5 is the strong threat.} 61. Qxa6 (61. a4 $1 $11 {was the only way to keep the balance.}) 61... Kf7 {[%emt 0:00:41][%cal Of7g8] Strongly threatening ...Kg8!} (61... Qxb2 $6 62. Qxc6+ Kf7 63. Qxd5+ Kg6 64. Qe6+ Qf6 65. Qxf6+ Kxf6 66. a4 $11) 62. Qc8 Kg6 (62... Qxb2 $6 63. Qxf5+ (63. Qxc6 Qe5 $17) 63... Qf6 64. Qd7+ (64. Qxg4 Ne5 $11) 64... Kg8 65. Qe8+ (65. Qxg4 Ne1+ 66. Kf1 Nc2 $11) 65... Kh7 66. Qh5+ Kg8 67. Qxg4 Ne1+ 68. Kf1 $11) (62... Qe6 $1 $17 63. Qxe6+ Kxe6) 63. Qe8+ $1 Kh7 (63... Qf7 {simplifies} 64. Qxf7+ Kxf7 65. a4 Ke6) 64. Qh5+ Kg8 65. Qe8+ Kh7 66. Qh5+ Kg8 67. Qh8+ $2 Kf7 $2 (67... Kxh8 {mates} 68. Kf1 Qxb2 69. Be3 Qc2 (69... Qxa2 {leads to mate.} 70. Kg2 Qe2 71. Bd4 Qe1 72. Bxg7+ Kh7 73. Bf8 Qg1#) 70. Bd2 Qd1+ (70... Nxd2+ 71. Kg2 Nf3 72. a3 Qc1 73. a4 Qg1#) 71. Be1 Qxe1+ 72. Kg2 Qg1#) 68. Qc8 (68. Qf8+ $11 {keeps the balance.} Kg6 69. a4 Qxb2 70. Qe8+ Kh7 71. Qh5+ Kg8 72. Qxf5) 68... Qe6 $17 ({Much weaker is} 68... Qxb2 $6 69. Qxf5+ (69. Qxc6 Qe5 $15) 69... Qf6 70. Qxg4 Ne1+ 71. Kg1 Nf3+ 72. Kg2 $11) 69. Qf8+ Kg6 {[%emt 0:01:00] ( -> ...Qe1)} 70. Be7 $2 {[%emt 0:00:30] [#]} (70. Qd6 $17 Qxd6 71. Bxd6) 70... Kh7 ({Black should play} 70... Ne5 $1 $19 71. Bd6 Nd3) 71. Qe8 {[%emt 0:00:30] Weighted Error Value: White=0.28 (precise) /Black=0.30.  Loses game:     	White=3     	---        Missed win:     	---       	Black=2      Mistake:       	White=9     	Black=7      Inaccurate:     	White=3     	Black=8      OK:         	White=19    	Black=17     Best:        	White=8     	Black=6      Strong:       	White=1     	Black=1} 1/2-1/2

[Event "III Menorca Open-A 2024"]
[Site "Ciutadella Menorca"]
[Date "2024.04.03"]
[Round "2.19"]
[White "Sanal, Vahap"]
[Black "Niedbala, Bartlomiej"]
[Result "1/2-1/2"]
[ECO "C00"]
[WhiteElo "2565"]
[BlackElo "2389"]
[Annotator "RC"]
[PlyCount "86"]
[EventDate "2024.04.02"]
[EventType "swiss"]
[EventCountry "ESP"]
[SourceTitle "playchess.com"]
[Source "ChessBase"]
[SourceQuality "1"]
[TimeControl "5400+30"]

1. e4 c5 2. Nf3 e6 3. d3 d5 4. Qe2 Nf6 5. g3 Be7 6. Bg2 b5 7. O-O Nc6 8. Re1 O-O 9. e5 Nd7 10. h4 a5 11. Nbd2 a4 12. Nf1 a3 13. c3 axb2 14. Bxb2 Nb6 15. h5 h6 16. Bc1 c4 17. Be3 cxd3 18. Qxd3 Nc4 19. Bf4 b4 20. Nd4 Nxd4 21. cxd4 Ra3 22. Qe2 Bd7 23. Ne3 Bb5 24. Qg4 Kh8 25. Nc2 Rc3 26. Ne3 Qa5 27. Rab1 Ra3 28. Nxd5 exd5 29. Bxd5 Nb6 30. Bg2 Bd7 31. e6 Bxe6 32. Rxe6 fxe6 33. Be5 Bg5 34. Qxe6 Qa7 35. Rxb4 Ra6 36. Bf1 Rxa2 37. f4 Nd7 38. Bxg7+ Kxg7 39. fxg5 Ra1 40. Qg6+ Kh8 41. Qxh6+ Kg8 42. Qg6+ Kh8 43. Qh6+ Kg8 1/2-1/2